Map: Ultralove

Players

Fjant - Winner!

  • Race: Zerg Zerg
  • League: Grandmaster
  • Spawn Location: 1:00

DnS

  • Race: Protoss Protoss
  • Spawn Location: 7:00

Event: HomeStory Cup XXVII

VOD

Have the link to the VOD?

Description

Time

  • Played on: June 27, 2025, 7:41 a.m.
  • Length: 7:13

All games in this series

Show
View Real Time Build Order
Export as new Build Order

Fjant Zerg - Winner!

Build Orders: Hatch First 

Get SALT Encoding   

  12  0:00  Drone  
  13  0:08  Drone  
  14  0:14  Drone, Extractor  
  14  0:21  Overlord  
  15  0:42  Drone  
  16  0:45  Hatchery  
  16  0:49  Drone  
  16  0:52  Drone  
  16  0:55  Drone  
  18  1:06  Extractor  
  17  1:11  Spawning Pool  
  17  1:15  Drone  
  17  1:17  Drone  
  18  1:26  Drone  
  19  1:38  Drone  
  20  1:49  Drone  
  21  1:58  Zergling x2, Queen x2  
  21  1:59  Overlord  
  26  2:09  Metabolic Boost  
  26  2:12  Drone  
  26  2:13  Drone  
  28  2:18  Drone  
  28  2:20  Drone  
  30  2:31  Hatchery  
  30  2:34  Drone  
  30  2:38  Overlord  
  30  2:40  Drone  
  31  2:45  Overlord  
  30  2:55  Overlord  
  30  2:56  Queen  
  30  2:57  Drone  
  33  3:02  Drone  
  35  3:05  Drone  
  35  3:06  Zergling x4  
  35  3:07  Zergling x2  
  38  3:13  Drone  
  38  3:14  Overlord  
  39  3:22  Queen  
  41  3:30  Overlord  
  41  3:36  Queen  
  41  3:38  Drone  
  41  3:41  Drone x5  
  47  3:47  Drone x2  
  51  3:51  Roach Warren  
  50  3:56  Extractor  
  49  4:04  Drone  
  49  4:05  Drone  
  49  4:06  Zergling x2  
  49  4:07  Zergling x4  
  54  4:12  Spore Crawler  
  54  4:16  Zergling x12  
  59  4:22  Queen  
  59  4:24  Spore Crawler  
  59  4:27  Drone x2  
  60  4:34  Drone x2  
  60  4:37  Drone x2  
  62  4:42  Drone x2  
  62  4:44  Overlord  
  64  4:47  Overlord  
  64  4:48  Roach  
  64  4:53  Roach x2  
  64  4:55  Drone  
  69  5:01  Drone x2  
  69  5:04  Drone x2  
  72  5:09  Lair  
  72  5:13  Drone  
  71  5:18  Drone  
  71  5:25  Overlord  
  71  5:26  Drone  
  72  5:32  Drone  
  72  5:33  Drone  
  74  5:37  Drone x2  
  74  5:40  Spore Crawler  
  75  5:43  Pneumatized Carapace  
  75  5:44  Extractor  
  75  5:47  Roach x2  
  78  5:51  Roach  
  78  5:52  Roach x2  
  78  5:54  Roach  
  78  5:55  Drone  
  87  5:58  Zergling x4  
  87  6:02  Zergling x6  
  92  6:08  Overlord x2  
  92  6:13  Roach x2  
  97  6:18  Zergling x2  
  97  6:21  Overlord  
  97  6:23  Overlord  
  97  6:31  Overlord  
  97  6:32  Ravager x3  
  100  6:33  Zergling x14  
  100  6:38  Zergling x2  
  100  6:39  Zergling x2  
  109  6:43  Zergling x8  
  109  6:44  Ravager x2  
  109  6:46  Zergling x2  
Show
View Real Time Build Order
Export as new Build Order

DnS Protoss 

Build Orders: 1 Gate Expand, Oracle Opening 

Get SALT Encoding   

  12  0:00  Probe  
  13  0:12  Probe  
  14  0:18  Pylon  
  14  0:24  Probe  
  14  0:28  Assimilator  
  15  0:35  Probe  
  16  0:43  Gateway, Probe  
  17  0:51  Probe  
  18  1:03  Probe  
  19  1:15  Probe  
  20  1:25  Nexus  
  20  1:33  Cybernetics Core  
  20  1:36  Probe  
  21  1:41  Assimilator  
  21  1:48  Probe  
  21  1:51  Pylon  
  22  1:58  Stalker  
  22  2:00  Probe  
  23  2:09  Warp Gate  
  23  2:12  Probe  
  26  2:25  Probe  
  26  2:27  Stargate, Adept  
  29  2:33  Probe  
  29  2:38  Probe  
  29  2:43  Probe  
  31  2:47  Gateway  
  31  2:50  Probe  
  33  2:55  Probe  
  34  3:00  Adept  
  34  3:01  Oracle  
  34  3:02  Probe  
  37  3:06  Gateway  
  37  3:07  Probe  
  41  3:14  Probe  
  41  3:19  Pylon, Probe  
  43  3:26  Probe  
  44  3:31  Probe  
  44  3:34  Oracle  
  45  3:37  Pylon  
  45  3:39  Probe  
  46  3:44  Probe  
  50  3:51  Probe  
  51  3:56  Probe  
  51  4:00  Adept x2  
  56  4:03  Probe  
  56  4:08  Probe  
  58  4:13  Nexus  
  58  4:14  Pylon  
  58  4:16  Probe  
  58  4:17  Oracle  
  61  4:25  Probe  
  61  4:29  Assimilator x2  
  62  4:33  Probe  
  62  4:35  Robotics Facility  
  62  4:37  Pylon  
  63  4:39  Probe  
  63  4:45  Pylon, Probe  
  65  4:51  Probe  
  66  4:57  Probe  
  66  4:58  Adept  
  66  4:59  Adept  
  71  5:03  Probe  
  72  5:09  Probe  
  71  5:15  Probe  
  66  5:21  Probe  
  66  5:22  Pylon  
  66  5:23  Observer  
  66  5:28  Probe  
  65  5:31  Robotics Facility  
  65  5:33  Probe  
  65  5:34  Shield Battery  
  65  5:35  Probe  
  68  5:37  Immortal  
  68  5:38  Sentry, Zealot  
  76  5:43  Probe  
  76  5:45  Probe  
  76  5:47  Probe  
  76  5:48  Pylon  
  76  5:49  Gateway  
  79  5:50  Forge  
  79  5:55  Probe  
  80  5:57  Probe  
  80  5:59  Probe  
  80  6:04  Assimilator  
  82  6:06  Assimilator, Twilight Council  
  82  6:07  Probe  
  82  6:09  Probe  
  84  6:11  Pylon, Probe  
  84  6:14  Observer  
  85  6:19  Immortal, Probe  
  85  6:20  Immortal  
  85  6:22  Probe  
  87  6:29  Robotics Bay  
  95  6:35  Stalker x2  
  95  6:38  Photon Cannon  
  99  6:40  Photon Cannon  
  99  6:41  Photon Cannon  
  99  6:42  Photon Cannon  
  99  6:44  Sentry  
  99  6:46  Photon Cannon  
  101  6:47  Photon Cannon  
  101  6:51  Shield Battery  
  101  6:52  Pylon  
  87  7:02  Sentry x2  
Tags
 
Add a new tag
Caveats
  • Supply blocks, unpowered buildings, or Contaminate may cause inaccurate times.
  • Supply counts are checked every 10 seconds.